Map: 旋风平台 - 天梯版 (虚空)

Players

Jim

  • Race: Protoss Protoss
  • Spawn Location: 5:00

TYTY (TY) - Winner!

  • Race: Terran Terran
  • League: Diamond
  • Spawn Location: 11:00

Event: WESG 2016 Finals

VOD

Have the link to the VOD?

Description

Time

  • Played on: Jan. 13, 2017, 12:15 a.m.
  • Length: 7:11

All games in this series

Show
View Real Time Build Order
Export as new Build Order

Jim Protoss 

Build Orders: 1 Gate Expand, Blink Stalkers 

Get SALT Encoding   

  12  0:01  Probe (Chrono Boost)  
  13  0:11  Probe (Chrono Boost)  
  14  0:17  Pylon  
  14  0:22  Probe (Chrono Boost)  
  15  0:35  Probe (Chrono Boost)  
  16  0:36  Gateway  
  16  0:44  Assimilator  
  16  0:46  Probe (Chrono Boost)  
  17  0:56  Probe (Chrono Boost)  
  18  1:07  Probe (Chrono Boost)  
  19  1:19  Nexus  
  19  1:28  Cybernetics Core  
  19  1:30  Probe (Chrono Boost)  
  20  1:37  Assimilator  
  20  1:41  Probe (Chrono Boost)  
  20  1:45  Pylon  
  21  1:51  Probe (Chrono Boost)  
  22  2:01  Adept  
  22  2:03  Probe (Chrono Boost)  
  22  2:05  Warp Gate  
  25  2:15  Probe (Chrono Boost)  
  25  2:26  Probe (Chrono Boost), Robotics Facility  
  26  2:32  Probe (Chrono Boost)  
  26  2:36  Probe (Chrono Boost)  
  28  2:38  Adept  
  28  2:43  Probe (Chrono Boost)  
  31  2:47  Probe (Chrono Boost)  
  32  2:52  Twilight Council  
  32  2:53  Probe (Chrono Boost)  
  32  2:57  Probe (Chrono Boost)  
  34  3:04  Probe (Chrono Boost)  
  35  3:08  Probe (Chrono Boost)  
  36  3:14  Probe (Chrono Boost), Blink  
  36  3:18  Probe (Chrono Boost)  
  38  3:26  Probe (Chrono Boost)  
  39  3:28  Observer  
  39  3:30  Probe (Chrono Boost)  
  39  3:38  Probe (Chrono Boost)  
  39  3:40  Nexus  
  41  3:42  Probe (Chrono Boost)  
  41  3:47  Observer  
  41  3:49  Gateway  
  41  3:50  Gateway  
  43  3:56  Probe (Chrono Boost)  
  43  3:57  Pylon  
  43  3:58  Probe (Chrono Boost)  
  44  4:04  Assimilator  
  44  4:08  Probe (Chrono Boost)  
  46  4:10  Probe (Chrono Boost)  
  46  4:12  Observer  
  46  4:14  Pylon, Assimilator  
  46  4:16  Stalker  
  49  4:20  Probe (Chrono Boost)  
  49  4:23  Probe (Chrono Boost)  
  52  4:33  Probe (Chrono Boost), Warp Prism  
  52  4:35  Probe (Chrono Boost)  
  55  4:38  Pylon  
  55  4:45  Probe (Chrono Boost)  
  57  4:46  Stalker x2  
  57  4:47  Probe (Chrono Boost)  
  61  4:53  Probe (Chrono Boost)  
  61  4:57  Probe (Chrono Boost), Stalker  
  61  4:59  Probe (Chrono Boost)  
  66  5:04  Probe (Chrono Boost)  
  67  5:10  Probe (Chrono Boost), Forge x2  
  67  5:11  Probe (Chrono Boost), Pylon  
  67  5:14  Immortal, Mothership Core (Chrono Boost)  
  76  5:22  Probe (Chrono Boost)  
  76  5:24  Sentry x3  
  82  5:30  Pylon  
  82  5:33  Probe (Chrono Boost), Gateway  
  83  5:35  Gateway  
  83  5:39  Probe x2 (Chrono Boost)  
  85  5:53  Adept x2  
  85  5:56  Adept  
  90  5:59  Probe x3 (Chrono Boost), Assimilator  
  93  6:08  Gateway  
  93  6:11  Probe (Chrono Boost), Gateway  
  98  6:24  Stalker x2  
  100  6:28  Pylon  
  100  6:29  Pylon  
  84  6:41  Stalker  
  84  6:42  Stalker x2  
  87  6:54  Pylon  
  87  6:56  Probe (Chrono Boost)  
  87  6:57  Pylon  
Show
View Real Time Build Order
Export as new Build Order

TYTY Terran - Winner!

Build Orders: Command Center First (CC), MMM Bio 

Get SALT Encoding   

  12  0:00  SCV  
  13  0:12  SCV  
  14  0:17  Supply Depot  
  14  0:24  SCV  
  15  0:38  SCV  
  16  0:50  SCV  
  17  0:59  Command Center  
  17  1:03  SCV  
  18  1:11  Barracks  
  18  1:16  SCV  
  19  1:25  Barracks  
  19  1:28  SCV  
  20  1:39  Barracks  
  20  1:41  SCV  
  21  1:57  Orbital Command  
  21  1:58  Marine  
  22  2:10  Orbital Command  
  22  2:13  Marine  
  23  2:16  Marine  
  24  2:23  Refinery  
  24  2:24  SCV, Refinery  
  24  2:26  Marine  
  26  2:30  Marine  
  26  2:36  SCV  
  26  2:37  Marine, SCV  
  30  2:44  Marine  
  30  2:46  Supply Depot  
  30  2:48  Marine  
  30  2:49  SCV x2  
  34  2:54  Engineering Bay  
  34  2:56  Barracks Tech Lab  
  34  3:02  SCV x2  
  34  3:04  Marine  
  37  3:06  Marine  
  38  3:14  Marine  
  38  3:15  Stimpack  
  38  3:19  Supply Depot, SCV x2  
  41  3:28  Missile Turret  
  41  3:30  Barracks Reactor  
  41  3:31  SCV x2  
  41  3:32  Barracks Reactor  
  43  3:34  Marine  
  43  3:38  Supply Depot  
  44  3:43  SCV  
  44  3:44  SCV  
  46  3:52  Marine  
  46  3:55  Factory, SCV  
  47  3:59  Refinery  
  47  4:00  SCV  
  49  4:07  Marine x2, SCV  
  51  4:10  Marine  
  51  4:12  Marine, Terran Infantry Weapons Level 1  
  51  4:13  Marine  
  51  4:16  SCV  
  55  4:20  SCV  
  55  4:22  Supply Depot  
  56  4:25  Marine x2  
  56  4:27  Marine  
  56  4:29  SCV  
  60  4:31  Bunker  
  60  4:32  Marine, SCV  
  62  4:40  Factory Reactor, Starport  
  62  4:43  Marine  
  62  4:44  Marine x2, SCV  
  66  4:45  Marine  
  66  4:48  Supply Depot  
  66  4:49  SCV  
  68  5:01  Supply Depot x2  
  68  5:02  Supply Depot, SCV x2  
  70  5:11  Marine x4  
  74  5:15  SCV x2  
  74  5:16  Combat Shields  
  75  5:22  Factory Reactor, Medivac  
  75  5:23  Medivac  
  75  5:24  Marauder  
  75  5:27  Supply Depot  
  81  5:30  Marine x3  
  81  5:31  Marine  
  87  5:46  Marauder  
  87  5:48  Marine x3  
  87  5:49  Marine  
  91  5:52  Medivac  
  91  5:53  Medivac  
  95  5:59  Widow Mine x2  
  95  6:01  Command Center  
  99  6:05  Marine  
  99  6:06  Supply Depot, Marine  
  101  6:11  Marine x2  
  101  6:13  Marine  
  101  6:17  SCV x2  
  105  6:24  Medivac x2  
  106  6:29  SCV x2  
  106  6:31  Widow Mine x2  
  109  6:41  Marine, SCV x2  
  112  6:47  Marauder, Marine x3  
  112  6:51  Barracks  
  112  6:53  Barracks  
Tags
 
Add a new tag
Caveats
  • Supply blocks, unpowered buildings, or Contaminate may cause inaccurate times.
  • Supply counts are checked every 10 seconds.